General information
- name: BNet
- type: Ladder 1vs1/FFA
- host: Battle.net
- saver: VELOX_NEB
map: LostTemple
- players: 2
- length: 31:29
- speed: Fast
- version: 1.21 W3XP
- replay type: Public
» download(107 KB)
Players
team 1 (winner)
VELOX_NEB (
teal | 92 APM | 2890 actions | 31:29)
5 Far Seer
3 Feral Spirit
2 Chain Lighting
5 Shadow Hunter
2 Serpent Ward
2 Healing Wave
1 Hex
» actions
| Assign group hotkey | 77 | |
| Basic commands | 252 | |
| Build / train | 92 | |
| ESC pressed | 5 | |
| Enter build submenu | 44 | |
| Enter hero's abilities submenu | 10 | |
| Give item / drop item | 4 | |
| Remove unit from queue | 3 | |
| Right click | 1213 | |
| Select / deselect | 656 | |
| Select group hotkey | 363 | |
| Use ability | 171 | |
2890 total
» units
| Peon | 13 | |
| Grunt | 21 | |
| Demolisher | 2 | |
| Troll Headhunter/Berserker | 10 | |
| Spirit Walker | 3 | |
| Troll Witch Doctor | 2 | |
51 total
» upgrades
| Pillage | 1 | |
| Berserker Strength | 1 | |
| Armor | 1 | |
| Melee Weapons | 0 | |
| Spiked Barricades | 1 | |
| Backpack | 1 | |
| Spirit Walker Training | 1 | |
6 total
» buildings
| Altar of Storms | 1 | |
| Orc Burrow | 5 | |
| Barracks | 2 | |
| Voodoo Lounge | 2 | |
| Stronghold | 1 | |
| War Mill | 1 | |
| Watch Tower | 26 | |
| Great Hall | 1 | |
| Spirit Lodge | 1 | |
40 total
» build order
00:08 Altar of Storms
00:22 Orc Burrow
00:37 Barracks
01:52 Orc Burrow
01:55 Voodoo Lounge
03:26 Stronghold
03:51 War Mill
04:00 Orc Burrow
06:11 Barracks
07:59 Orc Burrow
08:47 Watch Tower
08:48 Watch Tower
08:49 Watch Tower
09:47 Watch Tower
10:02 Watch Tower
10:09 Watch Tower
10:18 Watch Tower
10:32 Watch Tower
11:23 Watch Tower
11:34 Watch Tower
11:41 Watch Tower
12:36 Watch Tower
13:36 Great Hall
14:18 Watch Tower
14:43 Orc Burrow
15:30 Watch Tower
16:50 Voodoo Lounge
17:26 Watch Tower
17:29 Watch Tower
18:05 Spirit Lodge
18:49 Watch Tower
18:56 Watch Tower
20:34 Watch Tower
20:36 Watch Tower
21:19 Watch Tower
22:43 Watch Tower
29:16 Watch Tower
29:46 Watch Tower
30:15 Watch Tower
30:45 Watch Tower
» items
| Healing Salve | 3 | |
| Scroll of Speed | 2 | |
| Lesser Clarity Potion | 5 | |
| Scroll of Town Portal | 3 | |
| Potion of Healing | 4 | |
| Potion of Mana | 2 | |
19 total
team 2 (loser)
4k.furry (
yellow | 67 APM | 2096 actions | 31:27)
6 Blademaster
3 Wind Walk
2 Critical Strike
1 Bladestorm
4 Shadow Hunter
2 Hex
2 Healing Wave
» actions
| Assign group hotkey | 97 | |
| Build / train | 78 | |
| ESC pressed | 2 | |
| Enter build submenu | 17 | |
| Enter hero's abilities submenu | 10 | |
| Right click | 1224 | |
| Select / deselect | 364 | |
| Select group hotkey | 136 | |
| Use ability | 168 | |
2096 total
» units
| Peon | 11 | |
| Grunt | 7 | |
| Raider | 3 | |
| Spirit Walker | 4 | |
| Kodo Beast | 1 | |
| Demolisher | 1 | |
| Wind Rider | 10 | |
37 total
» upgrades
| Ensnare | 1 | |
| Berserker Strength | 1 | |
| Armor | 1 | |
| Spirit Walker Training | 1 | |
4 total
» buildings
| Altar of Storms | 1 | |
| Orc Burrow | 6 | |
| Barracks | 1 | |
| Voodoo Lounge | 2 | |
| Stronghold | 1 | |
| War Mill | 1 | |
| Beastiary | 1 | |
| Spirit Lodge | 1 | |
| Watch Tower | 8 | |
| Great Hall | 1 | |
23 total
» build order
00:10 Altar of Storms
00:21 Orc Burrow
00:37 Barracks
01:33 Orc Burrow
01:54 Voodoo Lounge
03:14 Stronghold
03:34 Orc Burrow
05:21 War Mill
05:54 Beastiary
06:41 Spirit Lodge
07:48 Orc Burrow
17:12 Voodoo Lounge
17:18 Watch Tower
17:43 Orc Burrow
21:31 Orc Burrow
23:18 Great Hall
23:51 Watch Tower
23:53 Watch Tower
23:54 Watch Tower
23:55 Watch Tower
27:11 Watch Tower
27:13 Watch Tower
27:16 Watch Tower
» items
| Healing Salve | 6 | |
| Lesser Clarity Potion | 9 | |
| Potion of Healing | 7 | |
| Scroll of Speed | 1 | |
| Boots of Speed | 1 | |
24 total
Chat log
(01:16 / All) 4k.furry: gl hf bro :)
(01:27 / All) VELOX_NEB: u2
(30:51 / All) 4k.furry: damn
(30:57 / All) 4k.furry: can i get a free win?
(31:00 / All) VELOX_NEB: good game man
(31:03 / All) VELOX_NEB: you kicked ass
(31:07 / All) 4k.furry: haha
(31:09 / All) 4k.furry: thanks u2
(31:14 / All) 4k.furry: was a pretty even game huh
(31:26 / All) 4k.furry: well thats game
(31:27 / All) 4k.furry: ggg